 Dungeon Crawl Stone Soup version 0.27-a0-1565-gad902ab807 (webtiles) character file.

Game seed: 4782277954850564798

18 bilbop the Caller (level 2, -3/16 HPs)
             Began as a Kobold Summoner on July 17, 2021.
             Slain by an adder (4 damage)
             ... on level 2 of the Dungeon.
             The game lasted 00:07:20 (1240 turns).

bilbop the Caller (Kobold Summoner)                 Turns: 1240, Time: 00:07:21

Health: -3/16      AC:  2    Str:  5    XL:     2   Next: 85%
Magic:  2/5        EV: 15    Int: 16    God:
Gold:   38         SH:  0    Dex: 15    Spells: 4/5 levels left

rFire    + + .     SeeInvis .   a - +0 short sword
rCold    + . .     Faith    .   (shield restricted)
rNeg     . . .     Spirit   .   f - +0 robe
rPois    +         Reflect  .   (no helmet)
rElec    +         Harm     .   (no cloak)
rCorr    +         Rampage  .   (no gloves)
Will     .....                  (no boots)
Stlth    +++.......             (no amulet)
HPRegen  0.05/turn              b - ring of protection from fire
MPRegen  0.09/turn              h - ring of resist corrosion

@: lethally poisoned (-3 -> -5), resistant
A: small, no large weapons, nightstalker 3
a: no special abilities


You were on level 2 of the Dungeon.
You visited 1 branch of the dungeon, and saw 2 of its levels.

You collected 38 gold pieces.

Inventory:

Hand Weapons
 a - a +0 short sword (weapon)
Missiles
 e - 40 poisoned darts
Armour
 f - a +0 robe (worn)
Jewellery
 b - a ring of protection from fire (left hand)
 h - a ring of resist corrosion (right hand)
Scrolls
 c - a scroll of blinking {unknown}
 i - a scroll of fear {unknown}
Potions
 g - a potion of curing {unknown}


   Skills:
 + Level 1.0 Fighting
 + Level 1.0 Short Blades
 + Level 2.7 Dodging
 + Level 3.0 Stealth
 + Level 2.3 Spellcasting
 + Level 4.1 Summonings


You had 4 spell levels left.
You knew the following spells:

 Your Spells              Type           Power      Damage    Failure   Level
a - Summon Small Mammal   Summ           60%        N/A       3%          1

Your spell library contained the following spells:

 Spells                   Type           Power      Damage    Failure   Level
 Call Imp                 Summ           15%        N/A       5%          2
 Call Canine Familiar     Summ           15%        N/A       11%         3
 Shock                    Conj/Air       4%         1d3       21%         1
 Summon Guardian Golem    Hex/Summ       8%         N/A       26%         3
 Summon Lightning Spire   Summ/Air       8%         N/A       65%         4


Dungeon Overview and Level Annotations

Branches:
Dungeon (2/15)

Altars:

Shops:
D:1 (


Innate Abilities, Weirdness & Mutations

You are small and have problems with some larger weapons.
You are completely attuned to the shadows.


Message History

The adder bites your quokka but does no damage.
Your rat misses the adder.
You swap places.
The quokka bites your quokka.
The adder bites your quokka but does no damage.
Your quokka bites the quokka.
Your rat misses the adder. What are your orders? t - Shout!
Orders for allies: a - Attack new target. r - Retreat! s - Stop attacking. g - Guard the area. f - Follow me.
Anything else - Cancel.
Gang up on whom?
Press: ? - help, Dir - move target, f - adder
Aim: an adder (moderately wounded, ally target) Attack!
The quokka bites your quokka.
Your quokka dies!
Your quokka's corpse disappears in a puff of smoke!
Your quokka bites the adder.
Your rat completely misses the adder.
You hit the adder.
The adder is severely wounded.
The adder bites you but does no damage.
Your quokka closely misses the adder.
The quokka bites your rat.
Your rat completely misses the adder.
The adder bites you.
You are lethally poisoned!
The adder poisons you!
You closely miss the adder.
The adder is severely wounded.
* * * LOW HITPOINT WARNING * * *
You feel sick.
Your quokka closely misses the adder.
The quokka barely misses your rat. The adder misses you.
Your rat bites the adder.
Your quokka misses the adder.
* * * LOW HITPOINT WARNING * * *
You feel sick. Something bites your rat.
Your rat dies!
Your rat's corpse disappears in a puff of smoke!
It was a potion of resistance.
You feel protected.
* * * LOW HITPOINT WARNING * * *
You feel sick. The adder bites you.
You die...

≈≈≈≈≈. ≈...≈#
≈≈≈≈≈#
≈.≈≈.###########.#
≈≈≈≈.......rS@....
≈.≈≈≈###...§#####.
≈≈≈≈.# #.§§r#$#.#
≈≈≈≈.# #.....$..#
.≈≈≈.# #....#$#.#
.≈≈≈≈.# #....###
##.≈≈≈.# #.....
≈≈≈.≈≈.# #.....
≈≈≈≈≈≈.#


You could see an adder (ally target) and a friendly quokka (summoned).

Vanquished Creatures
  An adder (D:2)
  A ball python (D:1)
  A goblin (D:1)
  A rat (D:1)
4 creatures vanquished.

Vanquished Creatures (collateral kills)
  An endoplasm (D:2)
  A giant cockroach (D:1)
  4 jackals (D:1)
  2 kobolds (D:1)
  A quokka (D:1)
9 creatures vanquished.

Grand Total: 13 creatures vanquished

Notes
Turn   | Place    | Note
-------+----------+-------------------------------------------
     0 | D:1      | bilbop the Kobold Summoner began the quest for the Orb.
     0 | D:1      | Reached XP level 1. HP: 10/10 MP: 3/3
   163 | D:1      | Found Zoramm's Antique Weapon Shoppe.
   685 | D:1      | Found a faded altar of an unknown god.
   691 | D:1      | Got Plato's Tome of Aerial Conjuration
   706 | D:1      | Reached XP level 2. HP: 16/16 MP: 5/5
  1135 | D:2      | Reached skill level 1 in Fighting
  1135 | D:2      | Reached skill level 1 in Short Blades
  1240 | D:2      | Slain by an adder

Illustrated notes

Levels and vault maps discovered:
D:1:      ncdulo_lavacross, layout_rooms, shapermc_ecumenical_altar_rom_forum,
          serial_shops, nicolae_shop_window_shopping
D:2:      layout_basic, serial_rivers, chequers_serial_rivers_micro_a,
          chequers_serial_rivers_large_b, chequers_serial_rivers_room_b,
          chequers_serial_rivers_large_a, chequers_serial_rivers_room_b,
          roderic_serpentine_path, minmay_split_cup_small

Skill      XL: |  1  2 |
---------------+-------+-----
Fighting       | 1 |  1.0
Short Blades   | 1 |  1.0
Stealth        | 3 |  3.0
Dodging        | |  2.7
Spellcasting   | |  2.3
Summonings     | |  4.1

Action                   || total
-------------------------++-------
Melee: Unarmed           ||     8
       Short sword       ||    14
Throw: Dart              ||    11
 Cast: Summon Small Mamm ||    24
  Use: Potion            ||     1
 Stab: Sleeping          ||     3
Armor: Robe              ||     8
Dodge: Dodged            ||    27

Table legend: (Time is in decaauts)
 A = Elapsed time spent in this place.
 B = Non-inter-level travel time spent in this place.
 C = Inter-level travel time spent in this place.
 D = Time resting spent in this place.
 E = Time spent auto-exploring this place.
 F = Levels seen in this place.
 G = Mean time per level.
                   A        B        C        D        E       F      G
               +--------+--------+--------+--------+--------+-----+--------+
         Total |   1239 |   1197 |     42 |    292 |    744 |   2 |  619.5 |
       Dungeon |   1239 |   1197 |     42 |    292 |    744 |   2 |  619.5 |
               +--------+--------+--------+--------+--------+-----+--------+

Top non-repeatable levels by time:
     D:1: 1102 daAuts
     D:2: 136 daAuts
